Oilers vs Senators

Created - January 18 2008 at 20:18

Goals
1 2 3 T
Oilers 0 2 1 3
Senators 2 1 1 4
Shots
1 2 3 T
Oilers 4 10 3 17
Senators 4 10 10 24

Period #1

1. Senators , Chris Kunitz 11 (Andy Mcdonald, Petr Prucha) at 17:53
2. Senators , Ilya Kovalchuk 20 (Anton Volchenkov, Jason Spezza) at 18:13

Penalties :
Francis Bouillon (EDM) for Slashing (Minor) at 1:29, Anton Volchenkov (OTT) for Close Hand On Puck (Minor) at 3:44, Christoph Schubert (OTT) for Tripping (Minor) at 9:26, Anton Volchenkov (OTT) for Hooking (Minor) at 11:52, Andy Mcdonald (OTT) for Holding (Minor) at 14:49, Ryan Johnson (EDM) for Hooking (Minor) at 19:16, Maxim Afinogenov (OTT) for Hooking (Minor) at 19:47

Period #2

3. Senators , Mike Cammalleri 19 (Simon Gagne, Matt Carle) at 3:48
4. Oilers , Raffi Torres 7 (Francis Bouillon, Radek Dvorak) at 14:37
5. Oilers , Marty Reasoner 1 (Radek Dvorak, Francis Bouillon) at 15:09

Penalties :
Anton Volchenkov (OTT) for Holding (Minor) at 8:42, Jay Bouwmeester (OTT) for Hooking (Minor) at 17:22

Period #3

6. Senators , Ilya Kovalchuk 21 (Maxim Afinogenov, Jason Spezza) at 5:45 (PP)
7. Oilers , Fernando Pisani 7 (Alexei Zhitnik, Saku Koivu) at 9:25 (PP)

Penalties :
Simon Gagne (OTT) for Hooking (Minor) at 0:11, Daniel Tjarnqvist (EDM) for Hooking (Minor) at 5:10, Alexei Zhitnik (EDM) for Hooking (Minor) at 5:25, Chris Kunitz (OTT) for Tripping (Minor) at 7:46, Steve Staios (EDM) for Roughing (Minor) at 9:53, Christoph Schubert (OTT) for Hooking (Minor) at 15:06, Chris Kunitz (OTT) for Cross-checking (Minor) at 18:12

Goalie Stats

Dwayne Roloson (EDM), 20 saves from 24 shots - (0.833), L, 23-25-1, 59:14 minutes
Kari Lehtonen (OTT), 14 saves from 17 shots - (0.824), W, 22-10-0, 60:00 minutes

Players Stats

Oilers
Player Name              G  A  P  +/- PIM S  H  SB FO MP 
-----------------------------------------------------------
Alexei Zhitnik           0  1  1  -1  2   3  0  1  0  23 
Daniel Tjarnqvist        0  0  0  -1  2   0  0  3  0  20 
Ethan Moreau             0  0  0   0  0   0  0  0  2  8  
Fernando Pisani          1  0  1  -1  0   2  2  1  0  20 
Francis Bouillon         0  2  2   0  2   0  3  0  0  18 
Jaroslav Spacek          0  0  0   0  0   0  0  0  0  22 
Marty Reasoner           1  0  1   0  0   1  0  0  16 18 
Nicklas Lidstrom         0  0  0   0  0   0  1  0  0  25 
Patrick Thoresen         0  0  0   0  0   0  0  0  2  5  
Petr Sykora              0  0  0   0  0   1  1  0  0  20 
Pierre-Marc Bouchard     0  0  0  -1  0   1  2  0  1  17 
Radek Dvorak             0  2  2   0  0   1  1  0  1  15 
Raffi Torres             1  0  1   0  0   1  1  0  0  15 
Ryan Johnson             0  0  0   0  2   0  0  0  7  8  
Ryan Smyth               0  0  0   0  0   4  0  0  0  20 
Saku Koivu               0  1  1  -1  0   2  0  0  20 17 
Shawn Horcoff            0  0  0   0  0   1  2  0  23 20 
Steve Staios             0  0  0   0  2   0  1  0  0  17 
Senators
Player Name              G  A  P  +/- PIM S  H  SB FO MP 
-----------------------------------------------------------
Andy Mcdonald            0  1  1   0  2   5  0  0  12 14 
Anton Volchenkov         0  1  1   0  6   0  1  1  0  20 
Chris Kunitz             1  0  1   0  4   1  3  0  1  19 
Christoph Schubert       0  0  0   0  4   0  1  2  0  20 
Ilya Kovalchuk           2  0  2   0  0   2  1  0  0  17 
Jason Spezza             0  2  2   0  0   6  0  1  15 15 
Jay Bouwmeester          0  0  0   1  2   1  1  0  0  23 
Marc-Andre Bergeron      0  0  0   0  0   0  2  1  0  21 
Matt Carle               0  1  1   1  0   0  0  3  0  20 
Maxim Afinogenov         0  1  1   0  2   3  2  0  4  15 
Mike Cammalleri          1  0  1   1  0   3  0  0  5  13 
Peter Schaefer           0  0  0   0  0   0  0  0  0  14 
Petr Prucha              0  1  1   0  0   0  0  0  3  12 
R.J. Umberger            0  0  0   0  0   1  0  1  3  5  
Rostislav Olesz          0  0  0   0  0   0  1  1  11 14 
Simon Gagne              0  1  1   1  2   2  0  0  1  14 
Stephen Weiss            0  0  0   1  0   0  0  0  17 20 
Tom Preissing            0  0  0   0  0   0  0  0  0  22 

3 Stars

1 - Ilya Kovalchuk (OTT)
2 - Francis Bouillon (EDM)
3 - Chris Kunitz (OTT)

Power Play

Oilers - 1 on 11 Attempt(s) - 9.09%
Senators - 1 on 5 Attempt(s) - 20.00%

Penalty Kill

Oilers - 4 on 5 Attempt(s) - 80.00% - Score 0 goal in Penalty Kill
Senators - 10 on 11 Attempt(s) - 90.91% - Score 0 goal in Penalty Kill

Game Notes

No Game Note

Finance

Level 1 -- Attendance: 5884 (98.07%) -- Ticket Income $529,560.00
Level 2 -- Attendance: 4470 (89.41%) -- Ticket Income $210,090.00
Level 3 -- Attendance: 1835 (91.76%) -- Ticket Income $55,050.00
Level 4 -- Attendance: 3602 (90.05%) -- Ticket Income $72,040.00
Luxury Box -- Attendance: 974 (97.37%) -- Ticket Income $165,580.00
Game was played at the Corel Centre
Total Attendance: 16765 (90.62%)
Total Ticket Income: $1,134,826.00
Other Income: $147,931.50
Total Income: $1,282,758.00


Play by Play

Period #1

0:01 of 1st period - Shawn Horcoff wins face-off versus Mike Cammalleri in neutral zone.
1:08 of 1st period - Shot by Saku Koivu.
1:08 of 1st period - Stopped by Kari Lehtonen without a rebound.
1:09 of 1st period - Marty Reasoner wins face-off versus Maxim Afinogenov in Senators zone.
1:10 of 1st period - Shot by Radek Dvorak.
1:10 of 1st period - Shot Misses the Net.
1:29 of 1st period - Minor Penalty to Francis Bouillon for Slashing.
1:30 of 1st period - Jason Spezza wins face-off versus Marty Reasoner in Oilers zone.
3:35 of 1st period - Andy Mcdonald is hit by Francis Bouillon.
3:44 of 1st period - Minor Penalty to Anton Volchenkov for Close Hand On Puck.
3:45 of 1st period - Shawn Horcoff wins face-off versus Stephen Weiss in Senators zone.
4:26 of 1st period - Maxim Afinogenov is hit by Fernando Pisani and loses puck.
4:33 of 1st period - Shot by Alexei Zhitnik.
4:33 of 1st period - Shot Blocked by Matt Carle.
4:35 of 1st period - Shot by Pierre-Marc Bouchard.
4:35 of 1st period - Shot Misses the Net.
5:34 of 1st period - Peter Schaefer is hit by Shawn Horcoff.
7:11 of 1st period - Off-side.
7:12 of 1st period - Saku Koivu wins face-off versus Rostislav Olesz in neutral zone.
7:43 of 1st period - Shot by R.J. Umberger.
7:43 of 1st period - Shot Misses the Net.
8:06 of 1st period - Shot by Ryan Smyth.
8:06 of 1st period - Shot Blocked by R.J. Umberger.
8:29 of 1st period - Petr Sykora is hit by Chris Kunitz and loses puck.
8:33 of 1st period - Jaroslav Spacek is hit by Christoph Schubert.
9:14 of 1st period - Icing by Christoph Schubert.
9:15 of 1st period - Andy Mcdonald wins face-off versus Saku Koivu in Senators zone.
9:23 of 1st period - Shot by Saku Koivu.
9:23 of 1st period - Stopped by Kari Lehtonen with a rebound.
9:25 of 1st period - Shot by Fernando Pisani.
9:25 of 1st period - Shot Misses the Net.
9:26 of 1st period - Minor Penalty to Christoph Schubert for Tripping.
9:27 of 1st period - Shawn Horcoff wins face-off versus Rostislav Olesz in Senators zone.
10:11 of 1st period - Icing by Pierre-Marc Bouchard.
10:12 of 1st period - Saku Koivu wins face-off versus Stephen Weiss in Oilers zone.
10:17 of 1st period - Shot by Alexei Zhitnik.
10:17 of 1st period - Stopped by Kari Lehtonen without a rebound.
10:18 of 1st period - Saku Koivu wins face-off versus Stephen Weiss in Senators zone.
11:09 of 1st period - Off-side.
11:10 of 1st period - Shawn Horcoff wins face-off versus Rostislav Olesz in neutral zone.
11:12 of 1st period - Off-side.
11:13 of 1st period - Shawn Horcoff wins face-off versus Rostislav Olesz in neutral zone.
11:52 of 1st period - Minor Penalty to Anton Volchenkov for Hooking.
11:53 of 1st period - Saku Koivu wins face-off versus Stephen Weiss in Senators zone.
12:06 of 1st period - Christoph Schubert is hit by Fernando Pisani.
13:13 of 1st period - Off-side.
13:14 of 1st period - Rostislav Olesz wins face-off versus Saku Koivu in neutral zone.
14:49 of 1st period - Minor Penalty to Andy Mcdonald for Holding.
14:50 of 1st period - Stephen Weiss wins face-off versus Shawn Horcoff in Oilers zone.
17:03 of 1st period - Off-side.
17:04 of 1st period - R.J. Umberger wins face-off versus Marty Reasoner in neutral zone.
17:49 of 1st period - Shot by Petr Prucha.
17:49 of 1st period - Shot Misses the Net.
17:51 of 1st period - Shot by Andy Mcdonald.
17:51 of 1st period - Shot Misses the Net.
17:53 of 1st period - Shot by Chris Kunitz.
17:53 of 1st period - Goal by Chris Kunitz - Oilers : 0 - Senators : 1.
17:54 of 1st period - Jason Spezza wins face-off versus Saku Koivu in neutral zone.
18:09 of 1st period - Shot by Jason Spezza.
18:09 of 1st period - Shot Misses the Net.
18:13 of 1st period - Shot by Ilya Kovalchuk.
18:13 of 1st period - Goal by Ilya Kovalchuk - Oilers : 0 - Senators : 2.
18:14 of 1st period - Ethan Moreau wins face-off versus Stephen Weiss in neutral zone.
18:18 of 1st period - Off-side.
18:19 of 1st period - Andy Mcdonald wins face-off versus Shawn Horcoff in neutral zone.
18:19 of 1st period - Andy Mcdonald is hit by Petr Sykora.
18:37 of 1st period - Shot by Ryan Smyth.
18:37 of 1st period - Stopped by Kari Lehtonen without a rebound.
18:38 of 1st period - Mike Cammalleri wins face-off versus Saku Koivu in Senators zone.
18:49 of 1st period - Shot by Simon Gagne.
18:49 of 1st period - Shot Blocked by Fernando Pisani.
18:51 of 1st period - Shot by Jay Bouwmeester.
18:51 of 1st period - Shot Hit the Post.
18:53 of 1st period - Shot by Mike Cammalleri.
18:53 of 1st period - Deflect By Simon Gagne.
18:53 of 1st period - Shot Blocked by Daniel Tjarnqvist.
18:55 of 1st period - Shot by Mike Cammalleri.
18:55 of 1st period - Stopped by Dwayne Roloson without a rebound.
18:56 of 1st period - Jason Spezza wins face-off versus Ryan Johnson in Oilers zone.
19:16 of 1st period - Minor Penalty to Ryan Johnson for Hooking.
19:17 of 1st period - Andy Mcdonald wins face-off versus Marty Reasoner in neutral zone.
19:42 of 1st period - Shot by Jay Bouwmeester.
19:42 of 1st period - Stopped by Dwayne Roloson with a rebound.
19:44 of 1st period - Shot by Jay Bouwmeester.
19:44 of 1st period - Shot Misses the Net.
19:47 of 1st period - Minor Penalty to Maxim Afinogenov for Hooking.
19:48 of 1st period - Saku Koivu wins face-off versus Mike Cammalleri in Oilers zone.

Period #2

0:01 of 2nd period - Rostislav Olesz wins face-off versus Saku Koivu in neutral zone.
0:03 of 2nd period - Off-side.
0:04 of 2nd period - Saku Koivu wins face-off versus Chris Kunitz in neutral zone.
0:13 of 2nd period - Shot by Saku Koivu.
0:13 of 2nd period - Shot Blocked by Matt Carle.
0:15 of 2nd period - Shot by Jaroslav Spacek.
0:15 of 2nd period - Shot Blocked by Marc-Andre Bergeron.
0:19 of 2nd period - Shot by Pierre-Marc Bouchard.
0:19 of 2nd period - Shot Blocked by Rostislav Olesz.
0:21 of 2nd period - Shot by Pierre-Marc Bouchard.
0:21 of 2nd period - Stopped by Kari Lehtonen without a rebound.
0:22 of 2nd period - Mike Cammalleri wins face-off versus Shawn Horcoff in Senators zone.
0:33 of 2nd period - Shot by Petr Prucha.
0:33 of 2nd period - Shot Misses the Net.
1:35 of 2nd period - Icing by Ryan Smyth.
1:36 of 2nd period - Shawn Horcoff wins face-off versus Stephen Weiss in Oilers zone.
2:29 of 2nd period - Shot by Peter Schaefer.
2:29 of 2nd period - Shot Misses the Net.
2:31 of 2nd period - Shot by R.J. Umberger.
2:31 of 2nd period - Stopped by Dwayne Roloson without a rebound.
2:32 of 2nd period - Maxim Afinogenov wins face-off versus Ryan Johnson in Oilers zone.
2:47 of 2nd period - Shot by Jason Spezza.
2:47 of 2nd period - Shot Misses the Net.
2:51 of 2nd period - Shot by Jason Spezza.
2:51 of 2nd period - Stopped by Dwayne Roloson without a rebound.
2:52 of 2nd period - Saku Koivu wins face-off versus Andy Mcdonald in Oilers zone.
3:12 of 2nd period - Petr Prucha is hit by Pierre-Marc Bouchard and loses puck.
3:16 of 2nd period - Icing by Chris Kunitz.
3:17 of 2nd period - Shawn Horcoff wins face-off versus Andy Mcdonald in Senators zone.
3:34 of 2nd period - Shot by Andy Mcdonald.
3:34 of 2nd period - Stopped by Dwayne Roloson without a rebound.
3:35 of 2nd period - Mike Cammalleri wins face-off versus Marty Reasoner in Oilers zone.
3:45 of 2nd period - Simon Gagne is hit by Steve Staios and loses puck.
3:48 of 2nd period - Shot by Mike Cammalleri.
3:48 of 2nd period - Goal by Mike Cammalleri - Oilers : 0 - Senators : 3.
3:49 of 2nd period - Jason Spezza wins face-off versus Saku Koivu in neutral zone.
3:52 of 2nd period - Pierre-Marc Bouchard is hit by Ilya Kovalchuk and loses puck.
3:57 of 2nd period - Shot by Ilya Kovalchuk.
3:57 of 2nd period - Shot Misses the Net.
4:01 of 2nd period - Shot by Maxim Afinogenov.
4:01 of 2nd period - Stopped by Dwayne Roloson with a rebound.
4:31 of 2nd period - Shot by Ilya Kovalchuk.
4:31 of 2nd period - Shot Blocked by Daniel Tjarnqvist.
5:27 of 2nd period - Matt Carle is hit by Nicklas Lidstrom and loses puck.
6:06 of 2nd period - Shot by Radek Dvorak.
6:06 of 2nd period - Stopped by Kari Lehtonen without a rebound.
6:07 of 2nd period - Jason Spezza wins face-off versus Marty Reasoner in Senators zone.
6:14 of 2nd period - Shot by Jason Spezza.
6:14 of 2nd period - Deflect By Ilya Kovalchuk.
6:14 of 2nd period - Shot Misses the Net.
6:23 of 2nd period - Raffi Torres is hit by Marc-Andre Bergeron and loses puck.
6:30 of 2nd period - Shot by Maxim Afinogenov.
6:30 of 2nd period - Shot Misses the Net.
7:49 of 2nd period - Shot by Pierre-Marc Bouchard.
7:49 of 2nd period - Shot Misses the Net.
7:51 of 2nd period - Shot by Fernando Pisani.
7:51 of 2nd period - Stopped by Kari Lehtonen without a rebound.
7:52 of 2nd period - Patrick Thoresen wins face-off versus Stephen Weiss in Senators zone.
8:37 of 2nd period - Shot by Stephen Weiss.
8:37 of 2nd period - Deflect By Mike Cammalleri.
8:37 of 2nd period - Stopped by Dwayne Roloson without a rebound.
8:38 of 2nd period - Shawn Horcoff wins face-off versus Jason Spezza in Oilers zone.
8:42 of 2nd period - Minor Penalty to Anton Volchenkov for Holding.
8:43 of 2nd period - Rostislav Olesz wins face-off versus Shawn Horcoff in Senators zone.
8:43 of 2nd period - Tom Preissing is hit by Shawn Horcoff.
11:41 of 2nd period - Icing by Christoph Schubert.
11:42 of 2nd period - Saku Koivu wins face-off versus Andy Mcdonald in Senators zone.
12:23 of 2nd period - Shot by Simon Gagne.
12:23 of 2nd period - Stopped by Dwayne Roloson with a rebound.
12:25 of 2nd period - Shot by Matt Carle.
12:25 of 2nd period - Shot Blocked by Daniel Tjarnqvist.
12:27 of 2nd period - Shot by Simon Gagne.
12:27 of 2nd period - Shot Misses the Net.
12:29 of 2nd period - Shot by Simon Gagne.
12:29 of 2nd period - Shot Misses the Net.
12:31 of 2nd period - Shot by Mike Cammalleri.
12:31 of 2nd period - Deflect By Simon Gagne.
12:31 of 2nd period - Shot Misses the Net.
12:33 of 2nd period - Shot by Jay Bouwmeester.
12:33 of 2nd period - Shot Misses the Net.
13:31 of 2nd period - Shot by Ryan Smyth.
13:31 of 2nd period - Stopped by Kari Lehtonen without a rebound.
13:32 of 2nd period - Marty Reasoner wins face-off versus Andy Mcdonald in Senators zone.
13:49 of 2nd period - Shot by Andy Mcdonald.
13:49 of 2nd period - Shot Misses the Net.
13:53 of 2nd period - Shot by Andy Mcdonald.
13:53 of 2nd period - Stopped by Dwayne Roloson without a rebound.
13:54 of 2nd period - Shawn Horcoff wins face-off versus R.J. Umberger in Oilers zone.
14:01 of 2nd period - Shot by Ryan Smyth.
14:01 of 2nd period - Stopped by Kari Lehtonen without a rebound.
14:02 of 2nd period - Stephen Weiss wins face-off versus Shawn Horcoff in Senators zone.
14:27 of 2nd period - Shot by Ryan Smyth.
14:27 of 2nd period - Stopped by Kari Lehtonen without a rebound.
14:28 of 2nd period - Marty Reasoner wins face-off versus Andy Mcdonald in Senators zone.
14:33 of 2nd period - Shot by Radek Dvorak.
14:33 of 2nd period - Shot Misses the Net.
14:37 of 2nd period - Shot by Raffi Torres.
14:37 of 2nd period - Goal by Raffi Torres - Oilers : 1 - Senators : 3.
14:38 of 2nd period - Jason Spezza wins face-off versus Radek Dvorak in neutral zone.
15:07 of 2nd period - Shot by Radek Dvorak.
15:07 of 2nd period - Shot Blocked by Jason Spezza.
15:09 of 2nd period - Shot by Marty Reasoner.
15:09 of 2nd period - Goal by Marty Reasoner - Oilers : 2 - Senators : 3.
15:10 of 2nd period - Petr Prucha wins face-off versus Ethan Moreau in neutral zone.
15:13 of 2nd period - Shot by Andy Mcdonald.
15:13 of 2nd period - Stopped by Dwayne Roloson without a rebound.
15:14 of 2nd period - Shawn Horcoff wins face-off versus Andy Mcdonald in Oilers zone.
16:29 of 2nd period - Shot by Alexei Zhitnik.
16:29 of 2nd period - Shot Misses the Net.
16:31 of 2nd period - Shot by Alexei Zhitnik.
16:31 of 2nd period - Stopped by Kari Lehtonen without a rebound.
16:32 of 2nd period - Stephen Weiss wins face-off versus Marty Reasoner in Senators zone.
16:38 of 2nd period - Off-side.
16:39 of 2nd period - Marty Reasoner wins face-off versus Jason Spezza in neutral zone.
16:39 of 2nd period - Radek Dvorak is hit by Maxim Afinogenov and loses puck.
16:52 of 2nd period - Shot by Jason Spezza.
16:52 of 2nd period - Stopped by Dwayne Roloson without a rebound.
16:53 of 2nd period - Ryan Johnson wins face-off versus Stephen Weiss in Oilers zone.
17:22 of 2nd period - Minor Penalty to Jay Bouwmeester for Hooking.
17:23 of 2nd period - Saku Koivu wins face-off versus Rostislav Olesz in Senators zone.
17:23 of 2nd period - Saku Koivu is hit by Marc-Andre Bergeron.
18:37 of 2nd period - Shot by Shawn Horcoff.
18:37 of 2nd period - Stopped by Kari Lehtonen with a rebound.
18:51 of 2nd period - Shot by Jaroslav Spacek.
18:51 of 2nd period - Shot Misses the Net.
19:29 of 2nd period - Off-side.
19:30 of 2nd period - Marty Reasoner wins face-off versus Jason Spezza in neutral zone.
19:48 of 2nd period - Shot by Radek Dvorak.
19:48 of 2nd period - Shot Misses the Net.
19:56 of 2nd period - Raffi Torres is hit by Maxim Afinogenov and loses puck.

Period #3

0:01 of 3rd period - Stephen Weiss wins face-off versus Shawn Horcoff in neutral zone.
0:11 of 3rd period - Minor Penalty to Simon Gagne for Hooking.
0:12 of 3rd period - Stephen Weiss wins face-off versus Saku Koivu in Oilers zone.
0:35 of 3rd period - Off-side.
0:36 of 3rd period - Shawn Horcoff wins face-off versus Rostislav Olesz in neutral zone.
0:55 of 3rd period - Shot by Ryan Smyth.
0:55 of 3rd period - Shot Misses the Net.
1:06 of 3rd period - Nicklas Lidstrom is hit by Jay Bouwmeester.
1:32 of 3rd period - Saku Koivu is hit by Rostislav Olesz and loses puck.
2:24 of 3rd period - Icing by Marc-Andre Bergeron.
2:25 of 3rd period - Jason Spezza wins face-off versus Marty Reasoner in Senators zone.
2:25 of 3rd period - Jason Spezza is hit by Radek Dvorak.
2:33 of 3rd period - Shot by Jason Spezza.
2:33 of 3rd period - Stopped by Dwayne Roloson with a rebound.
2:37 of 3rd period - Shot by Maxim Afinogenov.
2:37 of 3rd period - Stopped by Dwayne Roloson with a rebound.
2:39 of 3rd period - Shot by Jason Spezza.
2:39 of 3rd period - Stopped by Dwayne Roloson without a rebound.
2:40 of 3rd period - Ryan Johnson wins face-off versus Stephen Weiss in Oilers zone.
3:30 of 3rd period - Shot by Raffi Torres.
3:30 of 3rd period - Shot Misses the Net.
4:02 of 3rd period - Shot by Raffi Torres.
4:02 of 3rd period - Shot Blocked by Matt Carle.
4:36 of 3rd period - Shot by Petr Prucha.
4:36 of 3rd period - Deflect By Andy Mcdonald.
4:36 of 3rd period - Stopped by Dwayne Roloson with a rebound.
4:38 of 3rd period - Shot by Chris Kunitz.
4:38 of 3rd period - Shot Misses the Net.
4:55 of 3rd period - Icing by Christoph Schubert.
4:56 of 3rd period - Saku Koivu wins face-off versus Andy Mcdonald in Senators zone.
5:10 of 3rd period - Minor Penalty to Daniel Tjarnqvist for Hooking.
5:11 of 3rd period - Jason Spezza wins face-off versus Marty Reasoner in Oilers zone.
5:25 of 3rd period - Minor Penalty to Alexei Zhitnik for Hooking.
5:26 of 3rd period - Maxim Afinogenov wins face-off versus Shawn Horcoff in Oilers zone.
5:45 of 3rd period - Shot by Ilya Kovalchuk.
5:45 of 3rd period - Goal by Ilya Kovalchuk - Oilers : 2 - Senators : 4.
5:46 of 3rd period - Jason Spezza wins face-off versus Marty Reasoner in neutral zone.
6:03 of 3rd period - Shot by Jason Spezza.
6:03 of 3rd period - Stopped by Dwayne Roloson without a rebound.
6:04 of 3rd period - Andy Mcdonald wins face-off versus Ryan Johnson in Oilers zone.
6:44 of 3rd period - Icing by Jason Spezza.
6:45 of 3rd period - Ryan Johnson wins face-off versus Jason Spezza in Senators zone.
7:30 of 3rd period - Icing by Steve Staios.
7:31 of 3rd period - Marty Reasoner wins face-off versus Petr Prucha in Oilers zone.
7:31 of 3rd period - Marty Reasoner is hit by Chris Kunitz.
7:42 of 3rd period - Andy Mcdonald is hit by Francis Bouillon and loses puck.
7:46 of 3rd period - Minor Penalty to Chris Kunitz for Tripping.
7:47 of 3rd period - Saku Koivu wins face-off versus Stephen Weiss in neutral zone.
7:49 of 3rd period - Alexei Zhitnik is hit by Anton Volchenkov and loses puck.
7:52 of 3rd period - Shot by Alexei Zhitnik.
7:52 of 3rd period - Shot Blocked by Christoph Schubert.
9:11 of 3rd period - Shot by Petr Sykora.
9:11 of 3rd period - Stopped by Kari Lehtonen without a rebound.
9:12 of 3rd period - Pierre-Marc Bouchard wins face-off versus Simon Gagne in Senators zone.
9:13 of 3rd period - Shot by Alexei Zhitnik.
9:13 of 3rd period - Shot Blocked by Anton Volchenkov.
9:15 of 3rd period - Shot by Fernando Pisani.
9:15 of 3rd period - Shot Misses the Net.
9:17 of 3rd period - Shot by Saku Koivu.
9:17 of 3rd period - Shot Misses the Net.
9:21 of 3rd period - Shot by Alexei Zhitnik.
9:21 of 3rd period - Shot Misses the Net.
9:23 of 3rd period - Shot by Fernando Pisani.
9:23 of 3rd period - Shot Misses the Net.
9:25 of 3rd period - Shot by Fernando Pisani.
9:25 of 3rd period - Goal by Fernando Pisani - Oilers : 3 - Senators : 4.
9:26 of 3rd period - Marty Reasoner wins face-off versus R.J. Umberger in neutral zone.
9:53 of 3rd period - Minor Penalty to Steve Staios for Roughing.
9:54 of 3rd period - Maxim Afinogenov wins face-off versus Ryan Johnson in Oilers zone.
10:17 of 3rd period - Shot by Marc-Andre Bergeron.
10:17 of 3rd period - Shot Blocked by Alexei Zhitnik.
10:19 of 3rd period - Shot by Marc-Andre Bergeron.
10:19 of 3rd period - Shot Misses the Net.
10:24 of 3rd period - Shot by Andy Mcdonald.
10:24 of 3rd period - Shot Misses the Net.
10:26 of 3rd period - Shot by Simon Gagne.
10:26 of 3rd period - Stopped by Dwayne Roloson with a rebound.
10:28 of 3rd period - Shot by Andy Mcdonald.
10:28 of 3rd period - Stopped by Dwayne Roloson with a rebound.
12:53 of 3rd period - Fernando Pisani is hit by Chris Kunitz and loses puck.
13:30 of 3rd period - Icing by Nicklas Lidstrom.
13:31 of 3rd period - Jason Spezza wins face-off versus Shawn Horcoff in Oilers zone.
13:38 of 3rd period - Shot by Maxim Afinogenov.
13:38 of 3rd period - Stopped by Dwayne Roloson without a rebound.
13:39 of 3rd period - Patrick Thoresen wins face-off versus Jason Spezza in Oilers zone.
14:38 of 3rd period - Simon Gagne is hit by Raffi Torres and loses puck.
14:45 of 3rd period - Shot by Raffi Torres.
14:45 of 3rd period - Shot Misses the Net.
14:54 of 3rd period - Icing by Jay Bouwmeester.
14:55 of 3rd period - Stephen Weiss wins face-off versus Shawn Horcoff in Senators zone.
14:59 of 3rd period - Off-side.
15:00 of 3rd period - Shawn Horcoff wins face-off versus Petr Prucha in neutral zone.
15:06 of 3rd period - Minor Penalty to Christoph Schubert for Hooking.
15:07 of 3rd period - Shawn Horcoff wins face-off versus Stephen Weiss in Senators zone.
16:08 of 3rd period - Stephen Weiss is hit by Pierre-Marc Bouchard and loses puck.
16:37 of 3rd period - Shot by Alexei Zhitnik.
16:37 of 3rd period - Stopped by Kari Lehtonen without a rebound.
16:38 of 3rd period - Rostislav Olesz wins face-off versus Saku Koivu in Senators zone.
17:43 of 3rd period - Shot by Jason Spezza.
17:43 of 3rd period - Stopped by Dwayne Roloson without a rebound.
17:44 of 3rd period - Andy Mcdonald wins face-off versus Shawn Horcoff in Oilers zone.
18:01 of 3rd period - Shot by Ryan Smyth.
18:01 of 3rd period - Shot Blocked by Christoph Schubert.
18:12 of 3rd period - Minor Penalty to Chris Kunitz for Cross-checking.
18:13 of 3rd period - Rostislav Olesz wins face-off versus Saku Koivu in neutral zone.
19:14 of 3rd period - Oilers, Dwayne Roloson is pulled from the net.
19:40 of 3rd period - Rostislav Olesz is hit by Francis Bouillon and loses puck.


Output by the SimonT Hockey Simulator (STHS) for Stephane Roy -- Original Page W3C XHTML 1.0 Valid